 Dungeon Crawl Stone Soup version 0.28-b1-1-g3c77fb2ed1 (webtiles) character file.

Game seed: 3698939498586987721

36 croobank the Firebug (level 3, -6/28 (31) HPs)
             Began as an Octopode Fire Elementalist on Jan 28, 2022.
             Mangled by a gnoll (9 damage)
             ... on level 2 of the Dungeon.
             The game lasted 00:04:55 (1791 turns).

croobank the Firebug (Octopode Fire Elementalist)   Turns: 1791, Time: 00:04:56

HP:   -6/28 (31)    AC: 21    Str:  7    XL:     3   Next: 37%
MP:   2/6           EV:  2    Int: 19    God:
Gold: 55            SH:  0    Dex: 12    Spells: 3/6 levels left

rFire   . . .      SeeInvis .   c - +0 whip
rCold   . . .      Faith    .   (no shield)
rNeg    . . .      Spirit   .   (helmet currently unavailable)
rPois   +          Reflect  .   (no amulet)
rElec   .          Harm     .   (no ring)
rCorr   .          Rampage  .   (no ring)
Will    .....      NoTele   +   (no ring)
Stlth   ++........              (no ring)
HPRegen 0.09/turn               (no ring)
MPRegen 0.10/turn               (no ring)
                                (no ring)
                                (no ring)

@: tree-form, drained
A: stationary, stasis, torment immunity, boosted hp, almost no armour,
(amphibious), 8 rings, (camouflage 1), (gelatinous body 1), (nimble swimmer 1),
(tentacles)
a: no special abilities


You were on level 2 of the Dungeon.
You were a tree.
You visited 1 branch of the dungeon, and saw 2 of its levels.

You collected 55 gold pieces.

Inventory:

Hand Weapons
 b - a +0 hunting sling
 c - a +0 whip (weapon)
 d - a +0 dagger
Missiles
 f - 45 stones
Armour
 a - a +2 hat of stealth (melded)
Potions
 g - a potion of brilliance {unknown}


   Skills:
 + Level 2.3 Dodging
 + Level 2.9 Stealth
 + Level 2.2 Spellcasting
 + Level 1.2 Conjurations
 + Level 3.7 Fire Magic


You had 3 spell levels left.
You knew the following spells:

 Your Spells              Type           Power      Damage    Failure   Level
a - Foxfire               Conj/Fire      44%        2x1d6     6%          1
b - Scorch                Fire           32%        2d7       5%          2

Your spell library contained the following spells:

 Spells                   Type           Power      Damage    Failure   Level
 Conjure Flame            Conj/Fire      11%        6-21      19%         3
 Inner Flame              Hex/Fire       9%         N/A       22%         3
 Flame Wave               Conj/Fire      11%        2d5       52%         4


Dungeon Overview and Level Annotations

Branches:
Dungeon (2/15)

Altars:

Shops:
D:2 (


Innate Abilities, Weirdness & Mutations

You are a tree.
Your roots penetrate the ground, keeping you stationary.
You cannot be teleported.
You are immune to unholy pain and torment.
Your maximum health is greatly increased.
You cannot wear most types of armour.
((You are amphibious.))
You can wear up to eight rings at the same time.
((Your skin changes colour to match your surroundings (Stealth+).))
((Your rubbery body absorbs attacks. (AC +1, EV +1)))
((You are camouflaged when in or above water. (Stealth+)))
((You have tentacles for arms and can constrict up to eight enemies at once.))


Message History

Nothing appears to happen.
Casting: Foxfire (safe; 6% risk of failure)
Confirm with . or Enter, or press ? or * to list all spells.
You conjure some foxfire!
The foxfire hits the gnoll.
The gnoll is moderately wounded.
The gnoll shouts!
The foxfire hits the gnoll.
The gnoll is heavily wounded.
The gnoll throws a throwing net.
The throwing net hits you.
You become entangled in the net!
The gnoll shouts!
The hobgoblin shouts!
Casting: Foxfire (safe; 6% risk of failure)
Confirm with . or Enter, or press ? or * to list all spells.
You conjure some foxfire!
You hear a shout!
You hear a bark!
A jackal comes into view.
The foxfire hits the gnoll.
The gnoll is severely wounded.
Casting: Foxfire (safe; 6% risk of failure)
Confirm with . or Enter, or press ? or * to list all spells.
You conjure some foxfire!
The gnoll hits you but does no damage.
The gnoll hits you with a +0 whip of draining.
You feel drained.
The foxfire hits the hobgoblin but does no damage.
The foxfire hits the gnoll.
The gnoll is almost dead.
The gnoll hits you with a +0 flail!
The gnoll hits you with a +0 whip of draining.
* * * LOW HITPOINT WARNING * * *
You feel drained.
* * * LOW HITPOINT WARNING * * *
Your magical contamination has completely faded away.
You aren't carrying any scrolls.
Okay, then.
It was a potion of lignification.
You turn into a tree.
Your +2 hat of stealth melds into your body.
You feel less stealthy.
Your roots penetrate the ground.
The net rips apart!
The gnoll hits you with a +0 flail!
You die...

...#.# #..# #
.....###..##.#
##.......†...# ##
###..####..### .
.....# #..# .#
..#.#####v.# ###.###
#.........§# #.h...
#.#.######<#####g#g#
#.#.# #......♣g.#
..#.# #.#####g###
###.# #.# #... #.#
#.# ####.. #.#
#.####### .# #.#
#........ .#
#.######.####### #
#........#
##########


You could see 3 gnolls, a jackal and a hobgoblin.

Vanquished Creatures
  An adder (D:2)
  2 bats
  3 endoplasms
  5 hobgoblins
  4 jackals (D:1)
  4 ball pythons
  A frilled lizard (D:2)
  2 kobolds (D:1)
  2 rats
24 creatures vanquished.

Vanquished Creatures (collateral kills)
  A foxfire (D:2)
1 creature vanquished.

Vanquished Creatures (others)
  64 foxfires
64 creatures vanquished.

Grand Total: 89 creatures vanquished

Notes
Turn   | Place    | Note
-------+----------+-------------------------------------------
     0 | D:1      | croobank the Octopode Fire Elementalist began the quest for
                  | the Orb.
     0 | D:1      | Reached XP level 1. HP: 11/11 MP: 3/3
   574 | D:1      | Reached XP level 2. HP: 17/17 MP: 0/5
   577 | D:1      | Learned a level 2 spell: Scorch
  1470 | D:1      | Identified a scroll of acquirement
  1470 | D:1      | Acquired a +2 hat of stealth
  1582 | D:2      | Found Afealo's Antique Weapon Shoppe.
  1594 | D:2      | Reached XP level 3. HP: 21/21 MP: 3/6
  1791 | D:2      | Mangled by a gnoll

Illustrated notes

Levels and vault maps discovered:
D:1:      roderic_octagonal_star, layout_loops_corners, serial_rivers,
          chequers_serial_rivers_room_b, chequers_serial_rivers_micro_e,
          chequers_serial_rivers_micro_c, chequers_serial_rivers_micro_a,
          chequers_serial_rivers_micro_e
D:2:      layout_loops_ring, serial_shops, shop_fountains

Action                   || total
-------------------------++-------
Melee: Dagger            ||     5
       Tentacles         ||     6
       Constrict         ||     8
       Unarmed           ||     2
       Whip              ||    17
       Punch             ||     1
 Cast: Foxfire           ||    39
  Use: Scroll            ||     2
       Potion            ||     1
Armor: Skin              ||     3
Dodge: Dodged            ||    20
